 Dungeon Crawl Stone Soup version 0.29-a0-870-g2c972031a6 (webtiles) character file.

Game seed: 460502590618126382

59 scionoferis the Chiller (level 3, 0/24 HPs)
             Began as a Demonspawn Ice Elementalist on July 17, 2022.
             Slain by Crazy Yiuf
             ... wielding a +3 quarterstaff of chaos
              (2 damage)
             ... on level 2 of the Dungeon.
             The game lasted 00:04:57 (2101 turns).

scionoferis the Chiller (DsIE)                      Turns: 2101, Time: 00:04:57

Health: 0/24       AC:  8    Str:  8    XL:     3   Next: 78%
Magic:  1/7        EV: 12    Int: 18    God:
Gold:   77         SH:  0    Dex: 13    Spells: 0/7 levels left

rFire   . . .      SeeInvis .   i - +0 dagger
rCold   . . .      Faith    .   (no shield)
rNeg    . . .      Spirit   .   a - +0 robe
rPois   .          Reflect  .   (no helmet)
rElec   .          Harm     .   (no cloak)
rCorr   .          Rampage  .   (no gloves)
Will    .....                   (no boots)
Stlth   ++........              (no amulet)
HPRegen 0.08/turn               (no ring)
MPRegen 0.10/turn               (no ring)

@: ice-armoured, freezing walls
A: hooves 1, powered by death 1
a: no special abilities


You were on level 2 of the Dungeon.
You visited 1 branch of the dungeon, and saw 2 of its levels.

You collected 77 gold pieces.

Inventory:

Hand Weapons
 c - a +0 hand axe
 i - a +0 dagger (weapon)
Missiles
 j - 27 stones
Armour
 a - a +0 robe (worn)
Scrolls
 d - 4 scrolls of identify {unknown}
 h - 4 scrolls of teleportation {unknown}
 k - a scroll of noise {unknown}
 l - a scroll of enchant armour {unknown}
 m - a scroll of enchant weapon {unknown}
 o - a scroll of amnesia {unknown}
Potions
 b - a potion of magic
 e - 2 potions of haste {unknown}
 f - a potion of brilliance {unknown}
 g - 2 potions of curing {unknown}
 n - a potion of lignification {unknown}
 p - a potion of berserk rage {unknown}


   Skills:
 - Level 1.7 Dodging
 - Level 1.7 Stealth
 + Level 2.7 Spellcasting
 * Level 4.5 Ice Magic


You couldn't memorise any spells.
You knew the following spells:

 Your Spells              Type           Power      Damage    Failure   Level
a - Freeze                Ice            76%        1d9       2%          1
b - Frozen Ramparts       Ice            38%        1d5       8%          3
c - Ozocubu's Armour      Ice            19%        N/A       8%          3

Your spell library contained the following spells:

 Spells                   Type           Power      Damage    Failure   Level
 Hailstorm                Conj/Ice       10%        3d5       54%         4


Dungeon Overview and Level Annotations

Branches:
Dungeon (2/15)

Altars:
Okawaru

Shops:
D:1 (

Annotations:
D:2 Crazy Yiuf, Terence


Innate Abilities, Weirdness & Mutations

You have large cloven feet.
You regenerate a little health from kills.


Message History

Crazy Yiuf shouts!
Could not explore, unopened runed door.
This spell is quite dangerous to cast!
Memorise Ozocubu's Armour, consuming 3 spell levels and leaving 0?
You start memorising the spell.
You continue memorising. x3
You finish memorising.
Spell assigned to 'c'.
Crazy Yiuf whimpers, "Blight testudinal dark!"
Casting: Freeze (safe; 2% risk of failure)
Confirm with . or Enter, or press ? or * to list all spells.
The spell is quite dangerous to miscast (8% risk of failure)!
Continue anyway?
A film of ice covers your body!
Crazy Yiuf says, "Mountain pizzabubble spinner!"
Casting: Ozocubu's Armour (quite dangerous; 8% risk of failure)
Confirm with . or Enter, or press ? or * to list all spells.
You can't see any susceptible monsters within range! (Use Z to cast anyway.) Unknown command.
You open the door.
Crazy Yiuf cries, "Cards alas mobile!"
Casting: Ozocubu's Armour (quite dangerous; 8% risk of failure)
Confirm with . or Enter, or press ? or * to list all spells.
The spell is quite dangerous to miscast (8% risk of failure)!
Continue anyway?
Casting: Frozen Ramparts (quite dangerous; 8% risk of failure)
Press: ? - help, Dir - look around, f - activate The walls around you are covered in ice.
The wall freezes Crazy Yiuf.
Crazy Yiuf says, "Powder infinity sow!"
Crazy Yiuf hits you with a +3 quarterstaff of chaos.
You are electrocuted!!
Ouch! That really hurt!
* * * LOW HITPOINT WARNING * * *
Casting: Frozen Ramparts (quite dangerous; 8% risk of failure)
Confirm with . or Enter, or press ? or * to list all spells.
Aiming: Freeze (safe; 2% risk of failure)
Press: ? - help, Shift-Dir - straight line, f - Crazy Yiuf
Aim: Crazy Yiuf, wielding a +3 quarterstaff of chaos and wearing a +0 cloak (lightly wounded)
You freeze Crazy Yiuf!
Crazy Yiuf is heavily wounded.
The wall freezes Crazy Yiuf.
Crazy Yiuf hits you with a +3 quarterstaff of chaos.
You die...

###.###
##..######
#. #.....#
#....#
#####
#.....#
♣....♣
####....
#.....#
♣♣...♣
##.##....
#.....##
♣♣.♣♣
##.#.#.###
#......#
♣♣.♣
##.###.....
########
♣.♣♣
#...#...##.
♣♣.♣
#.##.##.###
♣@♣♣
#.##.##[...
#g#
#.##....###
...
#.####..# #
#...#
#.......# #
#)..#
######.## #
##### #.# #
#.# # #.# #
#.####


You could see Crazy Yiuf.

Vanquished Creatures
  Jessica (D:2)
  An adder (D:2)
  A worm (D:2)
  A dart slug (D:2)
  4 endoplasms
  2 goblins (D:2)
  A kobold (D:1)
  3 ball pythons (D:2)
  3 bats
  3 frilled lizards
  2 rats
22 creatures vanquished.

Notes
Turn   | Place    | Note
-------+----------+-------------------------------------------
     0 | D:1      | scionoferis the Demonspawn Ice Elementalist began the quest
                  | for the Orb.
     0 | D:1      | Reached XP level 1. HP: 13/13 MP: 3/3
   182 | D:1      | Found Guadetz Biant's Weapon Boutique.
   484 | D:1      | Found a faded altar of an unknown god.
   864 | D:2      | Gained mutation: You regenerate a little health from kills.
                  | [demonic ancestry]
   864 | D:2      | Reached XP level 2. HP: 19/19 MP: 3/5
   965 | D:2      | Reached skill level 4 in Ice Magic
  1005 | D:2      | Noticed Terence
  1005 | D:2      | Noticed Jessica
  1179 | D:2      | Found an iron altar of Okawaru.
  1246 | D:2      | Killed Jessica
  1247 | D:2      | Discovered your monstrous ancestry.
  1247 | D:2      | Gained mutation: You have large cloven feet. [demonic
                  | ancestry]
  1247 | D:2      | Reached XP level 3. HP: 24/24 MP: 3/6
  1277 | D:1      | Learned a level 3 spell: Frozen Ramparts
  1740 | D:2      | Found a runed translucent door.
  1741 | D:2      | Noticed Crazy Yiuf
  2078 | D:2      | Learned a level 3 spell: Ozocubu's Armour
  2101 | D:2      | Slain by Crazy Yiuf

Illustrated notes

Levels and vault maps discovered:
D:1:      scummos_arrival_simple_crosswalls, layout_loops_ring, serial_shops,
          nicolae_diamond_shop, basic_ecumenical_altar
D:2:      layout_loops_cross, basic_altar, uniq_jessica, uniq_terence,
          uniq_crazy_yiuf_cottage

Skill      XL: |  1  2 |
---------------+-------+-----
Ice Magic      | 4 |  4.5
Dodging        | |  1.7
Stealth        | |  1.7
Spellcasting   | |  2.7

Action                   || total
-------------------------++-------
Melee: Hand axe          ||     5
       Dagger            ||    21
       Punch             ||     2
       Kick              ||     1
 Cast: Freeze            ||    20
       Frozen Ramparts   ||     4
       Ozocubu's Armour  ||     1
 Stab: Sleeping          ||     5
Armor: Robe              ||     4
Dodge: Dodged            ||    20

Table legend: (Time is in decaauts)
 A = Elapsed time spent in this place.
 B = Non-inter-level travel time spent in this place.
 C = Inter-level travel time spent in this place.
 D = Time resting spent in this place.
 E = Time spent auto-exploring this place.
 F = Levels seen in this place.
 G = Mean time per level.
                   A        B        C        D        E       F      G
               +--------+--------+--------+--------+--------+-----+--------+
         Total |   2102 |   2038 |     64 |    413 |   1267 |   2 | 1051.0 |
       Dungeon |   2102 |   2038 |     64 |    413 |   1267 |   2 | 1051.0 |
               +--------+--------+--------+--------+--------+-----+--------+

Top non-repeatable levels by time:
     D:2: 1222 daAuts
     D:1: 880 daAuts
